[ AOE2 MATCH · #506704112 ]
UnrankedHindustanis vs Tatars
Player's team · LOSS
Rival team · WIN
[ REPLAY ANALYSIS · EXTRACTED FROM THE RECORDED GAME ]
Feudal
10:42
Castle
—
Imperial
—
| APM avg | 48.0 |
| APM peak | 70 |
| eAPM avg | 14.6 |
| Villagers / military | 45 / 32 |
Focus
⚔️ 25.8% · 🌾 74.2%
Archer ×18 · Skirmisher ×10 · Militia ×4
Feudal
9:20
Castle
—
Imperial
—
| APM avg | 67.6 |
| APM peak | 92 |
| eAPM avg | 24.0 |
| Villagers / military | 38 / 18 |
Focus
⚔️ 26.7% · 🌾 73.3%
Archer ×12 · Skirmisher ×6
Match map
Initial resources + every placement click. Lines = walls · curves = elevation contours. ◆ gold · ⬟ stone · ● berries · ✦ relic · ◌ wall gap
Your base· Open — unwalled flank
solidair's base· Open — unwalled flank
Smoothed initial terrain · ◌ = detected wall gap · hover for details
Inputs per minute
— KLOAKAN - - solidair
Build order — KLOAKAN
121 actions detected in the replay
| 0:00 | Queue | Villager (Male) |
| 0:01 | Queue | Villager (Male) |
| 0:01 | Queue | Villager (Male) |
| 0:01 | Queue | Villager (Male) |
| 0:02 | Build | House |
| 0:04 | Build | House |
| 1:07 | Queue | Villager (Male) |
| 1:07 | Queue | Villager (Male) |
| 1:35 | Queue | Villager (Male) |
| 1:58 | Build | Lumber Camp |
| 2:01 | Queue | Villager (Male) |
| 2:01 | Queue | Villager (Male) |
| 2:32 | Queue | Villager (Male) |
| 2:32 | Queue | Villager (Male) |
| 3:02 | Queue | Villager (Male) |
| 3:03 | Queue | Villager (Male) |
| 3:42 | Queue | Villager (Male) |
| 3:42 | Queue | Villager (Male) |
| 3:46 | Queue | Villager (Male) |
| 3:54 | Build | House |
| 3:55 | Build | House |
| 4:54 | Queue | Villager (Male) |
| 5:08 | Build | Barracks |
| 5:28 | Queue | Villager (Male) |
| 5:29 | Queue | Villager (Male) |
| 5:35 | Build | House |
| 6:04 | Queue | Militia |
| 6:05 | Queue | Militia |
| 6:05 | Queue | Militia |
| 6:05 | Queue | Militia |
| 6:11 | Queue | Villager (Male) |
| 6:34 | Build | Mill |
| 6:41 | Queue | Villager (Male) |
| 6:54 | Queue | Villager (Male) |
| 7:26 | Queue | Villager (Male) |
| 7:28 | Queue | Villager (Male) |
| 7:52 | Research | Loom |
| 7:55 | Build | Mining Camp |
| 8:32 | Research | Feudal Age |
| 9:20 | Build | Lumber Camp |
| 9:31 | Queue | Villager (Male) |
| 10:16 | Build | House |
| 10:40 | Queue | Villager (Male) |
| 10:42 | Age | Feudal Age |
| 10:48 | Build | Archery Range |
| 10:57 | Queue | Villager (Male) |
| 11:22 | Build | Archery Range |
| 11:40 | Queue | Villager (Male) |
| 11:43 | Queue | Archer |
| 12:04 | Queue | Villager (Male) |
| 12:12 | Build | Blacksmith |
| 12:17 | Queue | Archer |
| 12:18 | Queue | Archer |
| 12:19 | Queue | Villager (Male) |
| 12:33 | Queue | Villager (Male) |
| 12:43 | Research | Double-Bit Axe |
| 12:50 | Build | House |
| 13:02 | Queue | Archer |
| 13:02 | Queue | Archer |
| 13:07 | Build | House |
| 13:48 | Queue | Villager (Male) |
| 13:48 | Queue | Villager (Male) |
| 13:50 | Queue | Archer |
| 13:50 | Queue | Archer |
| 14:03 | Build | House |
| 14:24 | Queue | Archer |
| 14:24 | Queue | Archer |
| 14:26 | Queue | Villager (Male) |
| 14:29 | Build | Farm |
| 14:31 | Build | Farm |
| 14:36 | Build | Farm |
| 14:38 | Build | House |
| 14:39 | Queue | Archer |
| 14:40 | Queue | Archer |
| 14:49 | Queue | Villager (Male) |
| 14:52 | Build | Farm |
| 14:54 | Build | Farm |
| 14:56 | Build | Farm |
| 14:59 | Build | Farm |
| 15:02 | Build | Farm |
| 15:04 | Queue | Archer |
| 15:20 | Queue | Villager (Male) |
| 15:23 | Build | Farm |
| 15:26 | Build | Farm |
| 15:35 | Build | House |
| 15:37 | Queue | Villager (Male) |
| 15:38 | Queue | Archer |
| 15:39 | Queue | Archer |
| 16:07 | Queue | Archer |
| 16:07 | Queue | Archer |
| 16:23 | Queue | Villager (Male) |
| 16:23 | Queue | Villager (Male) |
| 16:25 | Queue | Archer |
| 16:25 | Queue | Archer |
| 16:28 | Research | Padded Archer Armor |
| 16:46 | Build | Palisade Wall |
| 16:48 | Build | Palisade Gate |
| 16:52 | Queue | Villager (Male) |
| 17:00 | Build | Farm |
| 17:04 | Research | Fletching |
| 17:14 | Build | Farm |
| 17:17 | Build | House |
| 17:19 | Build | Palisade Wall |
| 17:24 | Build | Palisade Wall |
| 17:27 | Queue | Villager (Male) |
| 17:33 | Queue | Skirmisher |
| 17:33 | Queue | Skirmisher |
| 17:34 | Queue | Skirmisher |
| 18:09 | Build | Farm |
| 18:12 | Build | Farm |
| 18:16 | Queue | Skirmisher |
| 18:17 | Queue | Skirmisher |
| 18:17 | Queue | Villager (Male) |
| 18:18 | Queue | Villager (Male) |
| 18:18 | Queue | Villager (Male) |
| 18:34 | Queue | Skirmisher |
| 18:34 | Queue | Skirmisher |
| 18:46 | Queue | Skirmisher |
| 18:46 | Queue | Skirmisher |
| 18:55 | Queue | Skirmisher |
| 18:59 | Queue | Villager (Male) |
Build order — solidair
125 actions detected in the replay
| 0:01 | Queue | Villager (Male) ×4 |
| 0:02 | Build | House |
| 0:04 | Build | House |
| 1:29 | Queue | Villager (Male) |
| 1:55 | Queue | Villager (Male) |
| 2:10 | Queue | Villager (Male) |
| 2:44 | Queue | Villager (Male) |
| 3:09 | Queue | Villager (Male) |
| 3:20 | Build | Lumber Camp |
| 3:41 | Queue | Villager (Male) |
| 3:57 | Build | House |
| 4:00 | Queue | Villager (Male) |
| 4:10 | Build | House |
| 4:26 | Queue | Villager (Male) |
| 4:43 | Queue | Villager (Male) |
| 5:13 | Queue | Villager (Male) |
| 5:30 | Queue | Villager (Male) |
| 5:37 | Build | Mill |
| 6:06 | Queue | Villager (Male) |
| 6:06 | Research | Loom |
| 7:03 | Research | Feudal Age |
| 7:18 | Build | House |
| 7:52 | Build | Barracks |
| 8:18 | Build | Palisade Wall |
| 8:24 | Build | Mining Camp |
| 8:42 | Build | Lumber Camp |
| 8:52 | Build | Palisade Wall |
| 8:54 | Build | Palisade Wall |
| 9:00 | Build | Palisade Wall |
| 9:01 | Build | Palisade Wall |
| 9:03 | Build | Palisade Wall |
| 9:05 | Build | Palisade Wall |
| 9:09 | Build | Palisade Wall |
| 9:12 | Build | Palisade Wall |
| 9:15 | Build | Palisade Wall |
| 9:19 | Build | Palisade Wall |
| 9:20 | Age | Feudal Age |
| 9:25 | Queue | Villager (Male) |
| 9:34 | Queue | Villager (Male) |
| 9:50 | Build | House |
| 9:55 | Build | Palisade Wall |
| 10:02 | Queue | Villager (Male) |
| 10:09 | Build | Archery Range |
| 10:16 | Build | Palisade Wall |
| 10:19 | Build | Palisade Wall |
| 10:21 | Build | House |
| 10:25 | Build | Palisade Wall |
| 10:26 | Build | Palisade Wall |
| 10:29 | Queue | Villager (Male) |
| 10:44 | Queue | Archer |
| 10:44 | Queue | Archer |
| 11:05 | Queue | Villager (Male) |
| 11:13 | Queue | Villager (Male) |
| 11:24 | Build | House |
| 11:25 | Queue | Archer |
| 11:36 | Queue | Villager (Male) |
| 12:02 | Queue | Villager (Male) |
| 12:06 | Build | Blacksmith |
| 12:22 | Queue | Archer |
| 12:30 | Build | Palisade Wall |
| 12:40 | Queue | Villager (Male) |
| 12:51 | Queue | Archer |
| 13:02 | Queue | Villager (Male) |
| 13:05 | Build | House |
| 13:06 | Build | Palisade Wall |
| 13:07 | Build | House |
| 13:17 | Queue | Villager (Male) |
| 13:28 | Queue | Archer |
| 13:53 | Queue | Archer |
| 13:57 | Queue | Villager (Male) |
| 14:11 | Queue | Skirmisher |
| 14:23 | Research | Fletching |
| 14:29 | Queue | Skirmisher |
| 14:46 | Queue | Villager (Male) |
| 14:47 | Queue | Villager (Male) |
| 14:51 | Build | House |
| 15:05 | Build | Palisade Wall |
| 15:15 | Queue | Skirmisher |
| 15:18 | Research | Padded Archer Armor |
| 15:25 | Research | Horse Collar |
| 15:28 | Build | House |
| 15:29 | Build | House |
| 15:33 | Queue | Villager (Male) |
| 15:36 | Build | Palisade Wall |
| 15:43 | Build | House |
| 15:44 | Build | House |
| 16:14 | Queue | Skirmisher |
| 16:14 | Queue | Skirmisher |
| 16:26 | Queue | Archer |
| 16:28 | Build | Farm |
| 16:29 | Build | Farm |
| 16:29 | Build | Farm |
| 16:29 | Build | Farm |
| 16:29 | Build | Farm |
| 16:30 | Build | Farm |
| 16:30 | Build | Farm |
| 16:30 | Build | Farm |
| 16:30 | Build | Farm |
| 16:32 | Queue | Villager (Male) |
| 16:32 | Queue | Villager (Male) |
| 16:35 | Build | House |
| 16:55 | Queue | Villager (Male) |
| 16:56 | Build | Farm |
| 17:01 | Research | Double-Bit Axe |
| 17:01 | Research | Double-Bit Axe |
| 17:04 | Build | Palisade Wall |
| 17:09 | Queue | Villager (Male) |
| 17:13 | Build | House |
| 17:14 | Build | Palisade Wall |
| 17:31 | Queue | Archer |
| 17:33 | Queue | Villager (Male) |
| 17:35 | Build | House |
| 17:50 | Build | Farm |
| 17:54 | Build | Farm |
| 17:54 | Queue | Villager (Male) |
| 18:20 | Queue | Skirmisher |
| 18:21 | Queue | Archer |
| 18:35 | Build | Stable |
| 18:36 | Queue | Villager (Male) |
| 18:38 | Build | House |
| 18:41 | Build | Farm |
| 18:41 | Build | Farm |
| 18:50 | Queue | Archer |
| 18:57 | Build | Farm |
| 19:02 | Queue | Archer |
Match timeline
| 5:08 | KLOAKAN · first_building Barracks |
| 7:52 | solidair · first_building Barracks |
| 8:18 | solidair · wall_segment Palisade Wall x4 |
| 8:52 | solidair · wall_segment Palisade Wall x1 |
| 8:54 | solidair · wall_segment Palisade Wall x1 |
| 9:00 | solidair · wall_segment Palisade Wall x1 |
| 9:01 | solidair · wall_segment Palisade Wall x1 |
| 9:03 | solidair · wall_segment Palisade Wall x1 |
| 9:05 | solidair · wall_segment Palisade Wall x1 |
| 9:09 | solidair · wall_segment Palisade Wall x1 |
| 9:12 | solidair · wall_segment Palisade Wall x1 |
| 9:15 | solidair · wall_segment Palisade Wall x1 |
| 9:19 | solidair · wall_segment Palisade Wall x2 |
| 9:20 | solidair · age_up feudal |
| 9:55 | solidair · wall_segment Palisade Wall x1 |
| 10:09 | solidair · first_building Archery Range |
| 10:16 | solidair · wall_segment Palisade Wall x1 |
| 10:19 | solidair · wall_segment Palisade Wall x2 |
| 10:25 | solidair · wall_segment Palisade Wall x1 |
| 10:26 | solidair · wall_segment Palisade Wall x1 |
| 10:42 | KLOAKAN · age_up feudal |
| 10:48 | KLOAKAN · first_building Archery Range |
| 12:30 | solidair · wall_segment Palisade Wall x1 |
| 13:06 | solidair · wall_segment Palisade Wall x1 |
| 15:05 | solidair · wall_segment Palisade Wall x9 |
| 15:36 | solidair · wall_segment Palisade Wall x8 |
| 16:46 | KLOAKAN · wall_segment Palisade Wall x22 |
| 17:04 | solidair · wall_segment Palisade Wall x9 |
| 17:14 | solidair · wall_segment Palisade Wall x4 |
| 17:19 | KLOAKAN · wall_segment Palisade Wall x8 |
| 17:24 | KLOAKAN · wall_segment Palisade Wall x3 |
| 18:35 | solidair · first_building Stable |
| 19:23 | KLOAKAN · resign |
[ AI ANALYSIS · 1 CREDIT ]
What really happened in this match?
Wolo.gg analyzes every decision: build order, eco, micro, common mistakes by bracket. Personalized analysis on WhatsApp or Discord in 30 seconds.
Civ guide
Hindustanis
Perfil
Jugador #381421